 Dungeon Crawl Stone Soup version 0.27-a0-1180-g7fc4abc71e (webtiles) character file.

Game seed: 15596393750582397470

4300 Froggeryz the Basher (level 10, -3/71 HPs)
             Began as a Demonspawn Delver on May 17, 2021.
             Was a Priest of Okawaru.
             Killed from afar by a steam dragon (11 damage)
             ... with a ball of steam
             ... on level 9 of the Dungeon.
             The game lasted 00:13:48 (10762 turns).

Froggeryz the Basher (Demonspawn Delver)           Turns: 10762, Time: 00:13:49

Health: -3/71      AC: 10    Str: 15    XL:     10   Next: 11%
Magic:  10/10      EV: 10    Int: 17    God:    Okawaru [***...]
Gold:   184        SH:  7    Dex: 19    Spells: 9/9 levels left

rFire    . . .     SeeInvis .   r - +2 flail (drain)
rCold    . . .     Faith    .   G - +1 buckler of Insecurity {rCorr}
rNeg     . . .     Spirit   .   D - +0 scale mail
rPois    .         Reflect  .   (helmet restricted)
rElec    .         Harm     .   (no cloak)
rCorr    +         Rampage  .   C - +0 pair of gloves of Generosity {Dex+3}
Will     .....                  (no boots)
Stlth    ++........             (no amulet)
HPRegen  0.21/turn              x - +6 ring of intelligence
MPRegen  0.12/turn              (no ring)

@: no status effects
A: antennae 2, slimy green scales 2, foul stench 1, spiny 1
a: Renounce Religion, Heroism


You were on level 9 of the Dungeon.
You worshipped Okawaru.
Okawaru was most pleased with you.
You visited 2 branches of the dungeon, and saw 12 of its levels.

You collected 244 gold pieces.
You spent 60 gold pieces at shops.

Inventory:

Hand Weapons
 r - a +2 flail of draining (weapon)
 v - a +2 flail of protection
 H - a +1 flail of venom
Missiles
 t - a throwing net
 z - 2 javelins (quivered)
 I - 6 curare-tipped darts
Armour
 b - a +3 ring mail of fire resistance
 C - the +0 pair of gloves of Generosity (worn) {Dex+3}
   (You found it on level 5 of the Dungeon)

   It affects your dexterity (+3).
 D - a +0 scale mail (worn)
 G - the +1 buckler of Insecurity (worn) {rCorr}
   (You found it on level 7 of the Dungeon)

   It protects you from acid and corrosion.
Jewellery
 j - a ring of fire
 x - a +6 ring of intelligence (left hand)
Wands
 g - a wand of digging (3)
 h - a wand of flame (19)
 J - a wand of charming (9)
Scrolls
 c - 2 scrolls of fog
 d - a scroll of magic mapping
 e - a scroll of fear
 i - a scroll of teleportation
 l - a scroll of enchant armour
 n - a scroll of summoning
 u - a scroll of amnesia {unknown}
 y - a scroll of acquirement {unknown}
 A - a scroll of identify
 E - a scroll of enchant weapon
Potions
 a - 2 potions of curing
 f - 2 potions of haste
 k - 3 potions of mutation
 m - a potion of magic {unknown}
 o - a potion of attraction
 p - a potion of cancellation {unknown}
 q - 4 potions of degeneration {unknown}
 s - a potion of ambrosia {unknown}
 w - a potion of berserk rage {unknown}
 F - a potion of lignification {unknown}


   Skills:
 + Level 4.1 Fighting
 * Level 11.4 Maces & Flails
 - Level 3.0 Armour
 - Level 1.7 Dodging
 - Level 4.5 Stealth
 - Level 5.5 Shields


You had 9 spell levels left.
You didn't know any spells.
Your spell library contained the following spells:

 Spells                   Type           Power      Damage    Failure   Level
 Corona                   Hex            0%         N/A       65%         1
 Ensorcelled Hibernation  Hex/Ice        0%         N/A       80%         2
 Confusing Touch          Hex            0%         N/A       95%         3
 Dazzling Flash           Conj/Hex       0%         N/A       95%         3
 Tukima's Dance           Hex            0%         N/A       95%         3
 Bolt of Magma            Conj/Fire/Erth 0%         4d4       100%        5
 Iskenderun's Battlesphe  Conj           0%         2d6       100%        5
 Iron Shot                Conj/Erth      0%         9d1       100%        6
 Orb of Destruction       Conj           0%         N/A       100%        7
 Spellforged Servitor     Conj/Summ      0%         N/A       100%        7


Dungeon Overview and Level Annotations

Branches:
Dungeon (11/15)            Temple (1/1) D:7            Lair (0/6) D:10
    Orc: D:9-12

Altars:
Cheibriados
Dithmenos
Gozag
Hepliaklqana
Kikubaaqudgha
Makhleb
Okawaru
Qazlal
Ru
Sif Muna
Xom
Yredelemnul
Zin
The Shining One

Shops:
D:3 (*=(   D:4 [

Annotations:
D:4 1 runed translucent door, Grimdewalt's ghost, amateur OgWr
D:8 3 runed translucent doors, LabCoat's ghost, novice HOFi


Innate Abilities, Weirdness & Mutations

You have a pair of antennae on your head.
You are mostly covered in slimy green scales. (AC +3)
You may rarely emit foul miasma when damaged in melee.
You are partially covered in sharp spines.


Message History

The steam dragon bites you but does no damage.
You block the steam dragon's attack.
You feel better. The steam dragon barely misses you.
You block the steam dragon's attack.
You hit the steam dragon but do no damage.
You drain the steam dragon.
The steam dragon is heavily wounded.
The steam dragon bites you.
* * * LOW HITPOINT WARNING * * *
The steam dragon closely misses you.
Your scale mail prevents you from hitting the steam dragon.
The steam dragon is heavily wounded.
The steam dragon bites you.
* * * LOW HITPOINT WARNING * * *
The steam dragon claws you but does no damage.
Your scale mail prevents you from hitting the steam dragon.
The steam dragon is heavily wounded.
You closely miss the steam dragon.
The steam dragon is heavily wounded.
The steam dragon barely misses you.
The steam dragon claws you but does no damage.
You closely miss the steam dragon.
The steam dragon is heavily wounded.
The steam dragon bites you.
* * * LOW HITPOINT WARNING * * *
The steam dragon claws you but does no damage.
You hit the steam dragon.
The steam dragon is severely wounded.
The steam dragon bites you but does no damage.
The steam dragon claws you but does no damage.
You hit the steam dragon.
The steam dragon is severely wounded.
The steam dragon closely misses you.
The steam dragon claws you but does no damage.
You hit the steam dragon but do no damage.
You drain the steam dragon.
The steam dragon is almost dead.
The steam dragon breathes steam at you. The ball of steam hits you!
You die...

..............#
..............+
..............#
.............#
#...........###+
+...............
#.............#
#....@D†>.....#
....#########.....
. ... .


You could see a steam dragon (catching breath, drained).

Vanquished Creatures
  Prince Ribbit (D:8)
  Grinder (D:6)
  6 yaks
  A steam dragon (D:8)
  2 vampire mosquitoes (D:10)
  Edmund (D:6)
  2 black bears
  2 orc warriors (D:8)
  An ice beast (D:8)
  A sky beast (D:6)
  A necrophage (D:7)
  2 phantoms
  An ogre (D:5)
  A centaur (D:8)
  A kobold brigand (D:8)
  3 bullfrogs (D:7)
  A gnoll sergeant (D:6)
  A scorpion (D:6)
  A wyvern skeleton (D:7)
  A water moccasin zombie (D:5)
  A water moccasin skeleton (D:4)
  3 killer bees (D:7)
  4 wights
  4 jellies
  2 hounds
  A gnoll shaman (D:3)
  An orc priest (D:4)
  2 bullfrog skeletons (D:7)
  4 iguanas
  4 orc wizards
  A killer bee zombie (D:6)
  A hound skeleton (D:4)
  A howler monkey zombie (D:7)
  9 gnolls
  2 adders
  A howler monkey skeleton (D:6)
  A shadow imp (D:8)
  A white imp (D:7)
  An ufetubus (D:6)
  An adder skeleton (D:2)
  2 worms (D:3)
  3 dart slugs (D:1)
  15 orcs
  5 ball pythons
  9 bats
  4 endoplasms
  9 giant cockroaches
  12 goblins
  6 hobgoblins
  2 jackals (D:2)
  13 kobolds
  3 quokkas
  2 frilled lizards (D:1)
  A rat (D:1)
162 creatures vanquished.

Notes
Turn   | Place    | Note
-------+----------+-------------------------------------------
     0 | D:5      | Froggeryz the Demonspawn Delver began the quest for the
                  | Orb.
     0 | D:5      | Reached XP level 1. HP: 18/18 MP: 1/1
   255 | D:5      | Noticed a water moccasin zombie
   264 | D:5      | Noticed an iguana
   355 | D:3      | Found Ralaasch's Antique Weapon Boutique.
   356 | D:3      | Found Dinn's General Store.
   368 | D:3      | Reached skill level 2 in Maces & Flails
   426 | D:3      | Gained mutation: You have a pair of small antennae on your
                  | head. [demonic ancestry]
   426 | D:3      | Reached XP level 2. HP: 20/24 MP: 2/2
   780 | D:1      | Reached skill level 3 in Maces & Flails
   881 | D:1      | Gained mutation: You are partially covered in slimy green
                  | scales. (AC +2) [demonic ancestry]
   881 | D:1      | Reached XP level 3. HP: 11/29 MP: 3/3
  1628 | D:2      | Reached skill level 4 in Maces & Flails
  1628 | D:2      | Reached XP level 4. HP: 18/35 MP: 4/4
  1928 | D:2      | Found a faded altar of an unknown god.
  2491 | D:3      | Reached XP level 5. HP: 16/41 MP: 5/5
  2501 | D:3      | Reached skill level 5 in Maces & Flails
  2813 | D:3      | Found Resainyo's Jewellery Emporium.
  3021 | D:3      | Found a snail-covered altar of Cheibriados.
  3115 | D:3      | Found Ifots's Antique Weapon Boutique.
  3329 | D:3      | Bought a potion of heal wounds for 60 gold pieces
  3369 | D:4      | Found a runed translucent door.
  3579 | D:4      | Noticed a phantom
  3596 | D:4      | Killed a phantom
  3597 | D:4      | Reached skill level 6 in Maces & Flails
  3597 | D:4      | Reached XP level 6. HP: 34/47 MP: 6/6
  3604 | D:4      | Reached skill level 1 in Armour
  3974 | D:4      | Found Kysmiec's Antique Armour Boutique.
  4232 | D:4      | Noticed Grimdewalt's ghost (amateur OgWr)
  4571 | D:5      | Gained mutation: You may rarely emit foul miasma when
                  | damaged in melee. [demonic ancestry]
  4571 | D:5      | Reached XP level 7. HP: 4/52 MP: 7/7
  4818 | D:5      | Reached skill level 7 in Maces & Flails
  5264 | D:5      | Identified the +0 pair of gloves of Generosity {Dex+3}
  5461 | D:6      | Noticed Edmund
  5480 | D:6      | Killed Edmund
  5547 | D:6      | Noticed Grinder
  6016 | D:6      | HP: 2/52 [black bear (3)]
  6020 | D:6      | Reached skill level 1 in Shields
  6020 | D:6      | Gained mutation: You are mostly covered in slimy green
                  | scales. (AC +3) [demonic ancestry]
  6020 | D:6      | Reached XP level 8. HP: 20/58 MP: 8/8
  6407 | D:6      | Paralysed by Grinder for 2 turns
  6560 | D:6      | Reached skill level 8 in Maces & Flails
  7246 | D:6      | Paralysed by Grinder for 5 turns
  7253 | D:6      | Killed Grinder
  7436 | D:7      | Found a staircase to the Ecumenical Temple.
  7458 | Temple   | Entered the Ecumenical Temple
  7502 | Temple   | Became a worshipper of Warmaster Okawaru
  7543 | Temple   | Reached skill level 9 in Maces & Flails
  8025 | D:7      | Found an ancient bone altar of Kikubaaqudgha.
  8045 | D:7      | Identified the +1 buckler of Insecurity {rCorr}
  8598 | D:7      | Found a hazy altar of Hepliaklqana.
  8614 | D:7      | Gained mutation: You have a pair of antennae on your head.
                  | [demonic ancestry]
  8614 | D:7      | Reached XP level 9. HP: 55/63 MP: 9/9
  8621 | D:7      | Reached * piety under Okawaru
  9087 | D:7      | Reached skill level 10 in Maces & Flails
  9099 | D:7      | Reached ** piety under Okawaru
  9114 | D:7      | Reached skill level 5 in Shields
  9767 | D:7      | Found a shadowy altar of Dithmenos.
 10088 | D:8      | Found a runed translucent gate.
 10088 | D:8      | Found a runed translucent gate.
 10088 | D:8      | Found an opulent altar of Gozag.
 10089 | D:8      | Found a runed translucent gate.
 10096 | D:8      | Noticed a two-headed ogre
 10097 | D:8      | Noticed LabCoat's ghost (novice HOFi)
 10324 | D:8      | Noticed Prince Ribbit
 10347 | D:8      | Killed Prince Ribbit
 10348 | D:8      | Reached skill level 11 in Maces & Flails
 10362 | D:8      | Reached *** piety under Okawaru
 10580 | D:8      | Identified the +1 leather armour of Repulsion {Contam rF++}
 10601 | D:8      | Gained mutation: You are partially covered in sharp spines.
                  | [demonic ancestry]
 10601 | D:8      | Reached XP level 10. HP: 69/71 MP: 10/10
 10660 | D:8      | You fall into a shaft and drop 3 floors!
 10686 | D:11     | Noticed a white ugly thing
 10688 | D:10     | Entered Level 10 of the Dungeon
 10751 | D:9      | HP: 1/71 [steam dragon/ball of steam (6)]
 10762 | D:9      | Killed from afar by a steam dragon

Illustrated notes

Levels and vault maps discovered:
D:1:      wander_arrival_estate, layout_rooms
D:2:      layout_loops_ring, hellmonk_ecumenical_altar_zigzags, minivault_26
D:3:      layout_basic, cheibrodos_worm_habitat, serial_shops, shop,
          nicolae_shop_waterfront, shop, shop_fountains
D:4:      layout_cave_pools, ebering_ghost_inner_flame, serial_shops, shop,
          minmay_circle_x
D:5:      layout_basic, kennysheep_generic_room_9
D:6:      layout_loops_cross, kennysheep_mini_moat, uniq_edmund, uniq_grinder
D:7:      layout_layer_cave, riverfiend_overflow_shadow_ancestor,
          nicolae_kikubaaqudgha_miasma_corner, minmay_temple_entry_wispy
D:8:      layout_cave_pods, ebering_ghost_gozag, uniq_joseph,
          uniq_prince_ribbit1
D:9:      layout_gridville, lemuel_doored_altar, trog_ov_bears_minmay
D:10:     gammafunk_cloud_chamber, layout_irregular_city, david_lair_shrubbed,
          hangedman_abyss_or_decor_stabs, minivault_1
D:11:     layout_rooms, serial_shops, shop, minivault_7, uniq_nergalle
Temple:   regret_index_temple_waves

Skill      XL: |  1  2  3  4  5  6  7  8  9 10 |
---------------+-------------------------------+-----
Maces & Flails | 2 3 4 6 7 9 11 | 11.4
Armour         | 2 3 |  3.0
Shields        | 1 3 5 |  5.5
Fighting       | 4 |  4.1
Dodging        | |  1.7
Stealth        | |  4.5

Action                   |  1- 3 |  4- 6 |  7- 9 | 10-12 || total
-------------------------+-------+-------+-------+-------++-------
Melee: Mace              |    43 |       |       |       ||    43
       Dagger            |    79 |    48 |       |       ||   127
       Flail             |       |   104 |   327 |    30 ||   461
Throw: Javelin           |       |       |     2 |       ||     2
       Throwing net      |       |       |     1 |       ||     1
Evoke: Wand              |       |     4 |       |       ||     4
  Use: Potion            |     1 |       |     3 |     4 ||     8
       Scroll            |       |     7 |     1 |     2 ||    10
 Stab: Sleeping          |     6 |     7 |     2 |       ||    15
       Distracted        |     1 |       |       |       ||     1
Armor: Leather armour    |    40 |    63 |     2 |       ||   105
       Scale mail        |       |       |   144 |    29 ||   173
Dodge: Dodged            |   103 |   101 |   133 |    21 ||   358
Block: Buckler           |       |       |    43 |    10 ||    53

Table legend: (Time is in decaauts)
 A = Elapsed time spent in this place.
 B = Non-inter-level travel time spent in this place.
 C = Inter-level travel time spent in this place.
 D = Time resting spent in this place.
 E = Time spent auto-exploring this place.
 F = Levels seen in this place.
 G = Mean time per level.
                   A        B        C        D        E       F      G
               +--------+--------+--------+--------+--------+-----+--------+
         Total |  10763 |  10295 |    468 |   2908 |   5413 |  12 |  896.9 |
       Dungeon |  10464 |  10029 |    435 |   2705 |   5413 |  11 |  951.3 |
        Temple |    298 |    265 |     33 |    203 |      0 |   1 |  298.0 |
               +--------+--------+--------+--------+--------+-----+--------+

Top non-repeatable levels by time:
     D:5: 2026 daAuts
     D:7: 1883 daAuts
     D:6: 1636 daAuts
     D:3: 1195 daAuts
     D:4: 977 daAuts
     D:2: 964 daAuts
     D:1: 900 daAuts
     D:8: 783 daAuts
  Temple: 298 daAuts
    D:10: 51 daAuts
    D:11: 26 daAuts
     D:9: 18 daAuts
